 Dungeon Crawl Stone Soup version 0.19.1-1-g22dce08 (webtiles) character file.

90 ponk the Insei (level 4, -1/35 HPs)
             Began as a Demigod Transmuter on Jan 8, 2017.
             Slain by a gnoll
             ... wielding a +0 flail
              (6 damage)
             ... on level 2 of the Dungeon.
             The game lasted 00:08:55 (1977 turns).

ponk the Insei (Demigod Transmuter)                 Turns: 1977, Time: 00:08:56

Health: -1/35      AC:  7    Str: 13    XL:     4   Next: 11%
Magic:  9/9        EV: 10    Int: 17    God:
Gold:   72         SH:  0    Dex: 18    Spells: 1 memorised, 6 levels left

rFire  . . .     SeeInvis .     h - +4 spear (pierce)
rCold  . . .     Gourm    .     f - +0 scale mail
rNeg   . . .     Faith    .     (no shield)
rPois  .         Spirit   .     (no helmet)
rElec  .         Reflect  .     (no cloak)
rCorr  .         Harm     .     (no gloves)
MR     .....                    e - +0 pair of boots
Stlth  ..........               (no amulet)
                                (no ring)
                                (no ring)

@: no status effects
A: high mp 1
a: no special abilities


You were on level 2 of the Dungeon.
You were not hungry.

You visited 1 branch of the dungeon, and saw 3 of its levels.

You collected 72 gold pieces.

Inventory:

Hand Weapons
 h - a +4 spear of piercing (weapon)
Missiles
 a - 12 arrows
Armour
 e - a +0 pair of boots (worn)
 f - a +0 scale mail (worn)
Scrolls
 k - a scroll of identify
 l - a scroll of remove curse
 n - a scroll of enchant armour {unknown}
 o - a scroll of fear {unknown}
Potions
 b - a potion of degeneration {unknown}
 d - a potion of haste {unknown}
 g - a potion of invisibility {unknown}
 j - 2 potions of curing {unknown}
 m - a potion of heal wounds {unknown}
 q - a potion of flight {unknown}
Books
 c - a book of Changes

   Spells                             Type                      Level
   a - Beastly Appendage              Transmutation                1
   b - Sticks to Snakes               Transmutation                2
   c - Spider Form                    Transmutation/Poison         3
   d - Ice Form                       Ice/Transmutation            4
   e - Blade Hands                    Transmutation                5
Comestibles
 i - 3 meat rations
 p - 7 chunks of flesh


   Skills:
 + Level 1.3 Fighting
 + Level 1.0 Polearms
 + Level 0.8 Armour
 + Level 2.1 Dodging
 + Level 3.5 Unarmed Combat
 + Level 2.0 Spellcasting
 + Level 2.0 Transmutations


You had 6 spell levels left.
You knew the following spells:

 Your Spells              Type           Power        Failure   Level  Hunger
a - Beastly Appendage     Tmut           #.....       38%         1    #......


Dungeon Overview and Level Annotations

Branches:
Dungeon (3/15)


Innate Abilities, Weirdness & Mutations

You have an increased reservoir of magic. (+10% MP)


Message History

The gnoll closely misses you.
The gnoll hits you from afar with a halberd.
* * * LOW HITPOINT WARNING * * *
You are too injured to fight recklessly!
There is a stone staircase leading up here.
The gnoll hits you but does no damage.
You climb upwards.
There is a stone staircase leading down here.
You barely miss the gnoll.
The gnoll is moderately wounded.
The gnoll hits you with a flail.
* * * LOW HITPOINT WARNING * * *
You closely miss the gnoll.
The gnoll is moderately wounded.
The gnoll hits you with a flail.
* * * LOW HITPOINT WARNING * * *
Your scale mail prevents you from hitting the gnoll.
The gnoll is moderately wounded.
The gnoll hits you with a flail.
You die...

.....#..##.##.....##.....#...####
....8#..##..'.....''.....#.#.##.#
.....#..#####.....##.....#.#....#
....8#......'.....+...####.####.#
.....##.#####.....###.####.##.#.#
#######.......................#.#
########.#...##.#####.#.#.#
#......#g#.#............#
#.######@#.#..#####.#.### #.#
#.#.#..#...#.#.# #.#
#.#.#..###.#.#.# #.# #.#.#..#
#.#.#.# #.# #.#.#..# #.#.#.# #>#
#.#.#..# #.#.#.#
#.######.#....###.#.#.#
#........#.#..........#
#.######.#.##########.#


You could see a gnoll.

Vanquished Creatures
  Ijyb (D:2)
  An adder (D:2)
  3 worms (D:2)
  A dart slug (D:1)
  2 leopard geckos (D:1)
  2 giant cockroaches (D:1)
  9 goblins
  7 hobgoblins
  3 quokkas
  A ball python (D:2)
  A bat (D:1)
  A frilled lizard (D:2)
  6 kobolds
  5 rats
43 creatures vanquished.

Notes
Turn   | Place    | Note
-------+----------+-------------------------------------------
     0 | D:1      | ponk the Demigod Transmuter began the quest for the Orb.
     0 | D:1      | Reached XP level 1. HP: 15/15 MP: 5/5
    71 | D:1      | Reached skill level 3 in Unarmed Combat
   359 | D:1      | Reached XP level 2. HP: 16/22 MP: 7/7
   584 | D:1      | Reached skill level 1 in Fighting
  1235 | D:2      | Reached XP level 3. HP: 24/28 MP: 6/8
  1470 | D:2      | Noticed Ijyb
  1475 | D:2      | Killed Ijyb
  1838 | D:2      | Reached XP level 4. HP: 33/35 MP: 9/9
  1845 | D:2      | Reached skill level 1 in Polearms
  1977 | D:2      | Slain by a gnoll

Skill      XL: |  1  2  3  4 |
---------------+-------------+-----
Unarmed Combat | 3 |  3.5
Spellcasting   | 2 |  2.0
Dodging        | 2 |  2.1
Fighting       | 1 |  1.3
Transmutations | 2 |  2.0
Polearms       | 1 |  1.0
Armour         | |  0.8

Action                   |  1- 3 |  4- 6 || total
-------------------------+-------+-------++-------
Melee: Mace              |    22 |       ||    22
       Spear             |    69 |    26 ||    95
       Headbutt          |     3 |     1 ||     4
       Punch             |     1 |       ||     1
 Cast: Beastly Appendage |     2 |     1 ||     3
  Use: Scroll            |     6 |       ||     6
  Eat: Bread ration      |     1 |       ||     1
Armor: Scale mail        |    18 |     6 ||    24
       Robe              |     1 |       ||     1
Dodge: Dodged            |    46 |     9 ||    55
